 Dungeon Crawl Stone Soup version 0.26.1-11-gd32895ea62 (webtiles) character file.

Game seed: 1407582914443113483

2020 phalm the Magician (level 9, -1/67 HPs)
             Began as a Mummy Conjurer on June 21, 2021.
             Was an Initiate of Gozag.
             Slain by an orc warrior
             ... wielding a +0 vorpal halberd
              (4 damage)
             ... on level 6 of the Dungeon.
             The game lasted 00:13:03 (8064 turns).

phalm the Magician (Mummy Conjurer)                 Turns: 8064, Time: 00:13:03

Health: -1/67      AC:  3    Str: 10    XL:     9   Next: 3%
Magic:  5/18       EV: 12    Int: 20    God:    Gozag
Gold:   443        SH:  5    Dex: 11    Spells: 10/21 levels left

rFire    x . .     SeeInvis .   a - +4 quarterstaff (chaos)
rCold    + + .     Faith    .   (shield currently unavailable)
rNeg     + + +     Spirit   .   i - +2 robe {rC+}
rPois    ∞         Reflect  +   (no helmet)
rElec    .         Harm     .   l - +2 cloak
rCorr    .         Rampage  .   (no gloves)
Will     +....                  (no boots)
Stlth    ++........             y - amulet of reflection
HPRegen  0.21/turn              Z - ring of wizardry
MPRegen  0.16/turn              C - -4 ring of protection (curse)

@: gold aura
A: no potions, fire vulnerability, cold resistance 1, negative energy resistance
3, torment resistance, unbreathing
a: Renounce Religion, Potion Petition, Call Merchant, Bribe Branch


You were on level 6 of the Dungeon.
You worshipped Gozag.
Gozag was aware of your devotion.
You visited 2 branches of the dungeon, and saw 7 of its levels.

You collected 508 gold pieces.
You paid 65 gold pieces to Gozag.


Innate Abilities, Weirdness & Mutations

You do not drink.
Your flesh is vulnerable to fire.
You are immune to poison.
Your flesh is cold resistant. (rC+)
You are immune to negative energy. (rN+++)
You are immune to unholy pain and torment.
You can survive without breathing.


   Skills:
 + Level 4.8 Fighting
 - Level 1.5 Dodging
 - Level 1.5 Stealth
 + Level 6.5 Spellcasting
 + Level 5.7 Conjurations
 + Level 3.0 Hexes
 + Level 4.9 Translocations
 * Level 1.7 Evocations


You had 10 spell levels left.
You knew the following spells:

 Your Spells              Type           Power        Failure   Level
f - Fulminant Prism       Conj/Hex       12%          6%          4
m - Magic Dart            Conj           100%         1%          1
s - Searing Ray           Conj           58%          1%          2
X - Iskenderun's Mystic   Conj/Tloc      27%          4%          4

Your spell library contained the following spells:

 Spells                   Type           Power        Failure   Level
 Dazzling Flash           Conj/Hex       48%          1%          3
 Gell's Gravitas          Tloc           13%          1%          3
 Confusing Touch          Hex            18%          3%          3
 Petrify                  Tmut/Erth      6%           36%         4
 Metabolic Englaciation   Hex/Ice        6%           50%         5
 Yara's Violent Unravell  Hex/Tmut       6%           50%         5

Inventory:

Hand Weapons
 a - a +4 quarterstaff of chaos (weapon)
   (You took it off Crazy Yiuf on level 3 of the Dungeon)
 b - a +0 hunting sling
   (You found it on level 5 of the Dungeon)
 c - a +0 club
   (You took it off a goblin on level 1 of the Dungeon)
 j - a +0 dagger
   (You took it off a kobold on level 1 of the Dungeon)
 q - a +0 quarterstaff
   (You found it on level 2 of the Dungeon)
 r - a +1 mace of venom
   (You found it on level 3 of the Dungeon)
Missiles
 e - 252 stones
 h - 83 bolts
 m - 178 arrows
 x - 4 boomerangs
 B - 32 sling bullets
Armour
 i - a +2 robe of cold resistance (worn)
   (You found it on level 1 of the Dungeon)
 l - a +2 cloak (worn)
   (You found it on level 1 of the Dungeon)
Jewellery
 g - an uncursed amulet of regeneration
   (You found it on level 1 of the Dungeon)
 n - an uncursed ring of willpower
   (You found it on level 2 of the Dungeon)
 v - an uncursed ring of see invisible
   (You found it on level 1 of the Dungeon)
 y - an amulet of reflection (around neck)
   (You found it on level 4 of the Dungeon)
 C - a cursed -4 ring of protection (right hand)
   (You found it on level 6 of the Dungeon)
 D - a +6 ring of dexterity
   (You found it on level 6 of the Dungeon)
 I - a +6 ring of intelligence
   (You found it on level 2 of the Dungeon)
 Q - an uncursed ring of stealth
   (You found it on level 1 of the Dungeon)
 Z - a ring of wizardry (left hand)
   (You found it on level 1 of the Dungeon)
Wands
 o - a wand of polymorph (8)
   (You found it on level 2 of the Dungeon)
 t - a wand of random effects (17)
   (You took it off Ijyb on level 3 of the Dungeon)
Scrolls
 d - 4 scrolls of enchant armour
 f - 5 scrolls of remove curse {@r2}
 k - 3 scrolls of magic mapping {!r}
 p - 4 scrolls of noise {unknown}
 s - a scroll of fog
 u - a scroll of blinking {!r}
 w - 3 scrolls of teleportation {@r4}
 z - a scroll of summoning
 A - 2 scrolls of fear
 E - 2 scrolls of silence {!r}

Dungeon Overview and Level Annotations

Branches:
Dungeon (6/15)             Temple (1/1) D:5

Altars:
Ashenzari
Dithmenos
Elyvilon
Gozag
Hepliaklqana
Kikubaaqudgha
Okawaru
Ru
Sif Muna
Trog
Uskayaw
Vehumet
Wu Jian
Yredelemnul
Zin
The Shining One

Annotations:
D:6 Maggie, Sigmund

...)# #.....# ###.# ###
#.##### ##.# ##.###.# #..#
##.#.##.# +# #.##
#.###...# ... ##.##
##.#.#### .... ....#
##..## .....
....#########...####......
................@$o$......
.......######...####......
.......# #..## .....
.......# #.## ....
#...#### #.# ... #...# #.#
+# #...# #.. ##.## ### #.#


You could see an orc warrior.


Message History

You see here a silvery potion.
You now have 436 gold pieces (gained 12).
You see here a cursed -3 mace.
You now have 443 gold pieces (gained 7).
Found a stone staircase leading up.
You see here a falchion.
m - 178 arrows (gained 25)
There is a stone staircase leading down here.
There is an open door here.
Items here: ))) [[[.
There is an open door here.
Things that are here:
a +0 dagger; a +0 robe
Things that are here:
a +0 vampiric dagger; a +0 robe You open the door.
There is an open door here.
You open the door.
There is an open door here.
There is an open door here.
As you open the door, it creaks loudly!
There is an open door here.
A - 2 scrolls of fear (gained 1)
C - an encrusted pearl ring You're wearing all the rings you can.
Remove which one? (? for menu, Esc to cancel) < or
Z - a ring of wizardry; > or
I - a +6 ring of intelligence You remove your +6 ring of intelligence.
You feel stupid.
Oops, that ring feels deathly cold.
C - a cursed -4 ring of protection (right hand)
You open the door.
An adder, an orc, an orc warrior and an orc wizard come into view.
The orc warrior is wielding a +0 vorpal halberd.
The orc warrior shouts!
The orc shouts!
The adder hisses angrily.
Casting: Searing Ray (safe; 1% risk of failure)
Confirm with . or Enter, or press ? or * to list all spells.
Okay, then.
The orc wizard looks satisfied for a moment.
Casting: Searing Ray (safe; 1% risk of failure)
Confirm with . or Enter, or press ? or * to list all spells.
Aiming: Searing Ray (safe; 1% risk of failure)
Press: ? - help, Shift-Dir - straight line, f - orc
Aim: an orc, wearing a +0 chain mail (15% to evade)
The searing ray hits the orc.
The searing ray hits the adder!
You kill the adder! (Press . to maintain the ray.) 😎 MP[-2]
You lost 2 mp, and now have 16/18 mp.
The searing ray hits the orc.
You block the orc's attack. 😎 MP[-1]
You lost 1 mp, and now have 15/18 mp.
The searing ray misses the orc.
The searing ray hits the orc warrior!
The orc barely misses you. 😎 MP[-1]
You lost 1 mp, and now have 14/18 mp.
The searing ray hits the orc.
You kill the orc!
The searing ray hits the orc warrior but does no damage.
You finish channeling your searing ray.
The orc warrior hits you from afar with a +0 vorpal halberd! 😕 HP[-11] MP[-1]
You take 11 damage, and now have 56/67 hp.
You lost 1 mp, and now have 13/18 mp.
Casting: Searing Ray (safe; 1% risk of failure)
Confirm with . or Enter, or press ? or * to list all spells.
Aiming: Searing Ray (safe; 1% risk of failure)
Press: ? - help, Shift-Dir - straight line, f - orc warrior
Aim: an orc warrior, wielding a +0 vorpal halberd and wearing a +0 plate armour (moderately wounded, 21% to evade)
The searing ray hits the orc warrior.
The searing ray hits the orc wizard. (Press . to maintain the ray.)
The orc warrior hits you from afar with a +0 vorpal halberd!!
* * * LOW HITPOINT WARNING * * *
x2 The orc wizard casts a spell.
The orc wizard seems to speed up. 😨 HP[-32] MP[-2]
You take 32 damage, and now have 24/67 hp.
MASSIVE DAMAGE!! (PAUSE)
You lost 2 mp, and now have 11/18 mp.
The searing ray misses the orc warrior.
The searing ray hits the orc wizard!
The orc warrior hits you from afar with a +0 vorpal halberd!
* * * LOW HITPOINT WARNING * * *
x2 😱 HP[-12]
You take 12 damage, and now have 12/67 hp.
The searing ray hits the orc warrior!
The searing ray hits the orc wizard!
You kill the orc wizard!
The orc warrior closely misses you. 😱 HP[+1] MP[-1]
You lost 1 mp, and now have 10/18 mp.
The searing ray misses the orc warrior.
You finish channeling your searing ray. 😱 MP[-1]
You lost 1 mp, and now have 9/18 mp.
Casting: Searing Ray (safe; 1% risk of failure)
Confirm with . or Enter, or press ? or * to list all spells.
You erupt in a blast of force!
The mystic blast hits the orc warrior but does no damage.
The orc warrior hits you from afar with a +0 vorpal halberd!
* * * LOW HITPOINT WARNING * * *
You die...
Your body crumbles into a pile of gold.

Skill      XL: |  1  2  3  4  5  6  7  8 |
---------------+-------------------------+-----
Spellcasting   | 3 4 5 6 |  6.5
Fighting       | 1 2 3 4 |  4.8
Conjurations   | 4 5 |  5.7
Translocations | 1 2 3 4 |  4.9
Hexes          | 2 3 |  3.0
Evocations     | 1 |  1.7
Dodging        | |  1.5
Stealth        | |  1.5

Action                   |  1- 3 |  4- 6 |  7- 9 || total
-------------------------+-------+-------+-------++-------
Melee: Unarmed           |    10 |       |       ||    10
       Club              |    29 |       |       ||    29
       Dagger            |     2 |       |       ||     2
       Mace              |       |     5 |       ||     5
       Quarterstaff      |       |     5 |    13 ||    18
Throw: Stone             |     1 |       |       ||     1
 Cast: Magic Dart        |    47 |    87 |    88 ||   222
       Searing Ray       |     1 |    18 |    32 ||    51
       Iskenderun's Myst |       |       |     1 ||     1
  Use: Scroll            |       |       |     9 ||     9
 Stab: Sleeping          |       |     1 |       ||     1
Armor: Robe              |    14 |     4 |     6 ||    24
Dodge: Dodged            |    42 |     5 |     8 ||    55
Block: Other             |       |       |     7 ||     7
       Reflection        |       |       |     2 ||     2

Levels and vault maps discovered:
D:1:      psy_arrival_conway, layout_loops_ring
D:2:      layout_rooms, general_overflow_altar,
          pdpol_wu_jian_five_deadly_venoms, kennysheep_doodads
D:3:      layout_loops_cross, uniq_ijyb, uniq_crazy_yiuf_cottage
D:4:      layout_rooms, uniq_duvessa
D:5:      minmay_opposing_rooms, layout_loops_corners,
          lemuel_coloured_pillars_altar, minmay_temple_entry_butterflies,
          tso_metal_star
D:6:      layout_loops_corners, serial_glass, glass_columns_c, glass_columns_b,
          uniq_maggie, uniq_sigmund
Temple:   nicolae_temple_figure_eight

Notes
Turn   | Place    | Note
-------+----------+-------------------------------------------
     0 | D:1      | phalm the Mummy Conjurer began the quest for the Orb.
     0 | D:1      | Reached XP level 1. HP: 13/13 MP: 4/4
     0 | D:1      | magus.rc [v1.9.10]
    47 | D:1      | HP: 3/13 [hobgoblin (2)]
   529 | D:1      | Reached XP level 2. HP: 20/20 MP: 3/5
   567 | D:1      | Reached skill level 3 in Spellcasting
   702 | D:1      | Learned a level 2 spell: Searing Ray
  1029 | D:1      | Reached skill level 1 in Fighting
  1514 | D:2      | Noticed a necrophage
  1562 | D:1      | Killed a necrophage
  1563 | D:1      | Reached skill level 4 in Conjurations
  1563 | D:1      | Reached XP level 3. HP: 27/27 MP: 0/8
  1563 | D:1      | Reached XP level 4. HP: 33/33 MP: 0/9
  1568 | D:1      | Learned a level 4 spell: Iskenderun's Mystic Blast
  1744 | D:2      | Reached skill level 2 in Fighting
  2015 | D:2      | Found a hazy altar of Hepliaklqana.
  2147 | D:2      | Found an ornate altar of the Wu Jian Council.
  2545 | D:3      | Found a runed translucent door.
  2546 | D:3      | Noticed Crazy Yiuf
  2577 | D:3      | Reached XP level 5. HP: 38/38 MP: 8/10
  2767 | D:3      | Reached skill level 4 in Spellcasting
  3308 | D:3      | Noticed Ijyb
  3313 | D:3      | Killed Ijyb
  3314 | D:3      | Reached skill level 1 in Translocations
  3569 | D:3      | Killed Crazy Yiuf
  3755 | D:4      | Reached XP level 6. HP: 46/46 MP: 5/12
  3877 | D:4      | Reached skill level 2 in Translocations
  3990 | D:3      | Learned a level 4 spell: Fulminant Prism
  4085 | D:4      | Reached skill level 3 in Fighting
  4230 | D:4      | Noticed an ice beast
  4246 | D:4      | Killed an ice beast
  4247 | D:4      | Reached XP level 7. HP: 41/52 MP: 4/14
  4447 | D:4      | Reached skill level 1 in Hexes
  4452 | D:4      | Reached skill level 5 in Spellcasting
  4452 | D:4      | Reached skill level 3 in Translocations
  4623 | D:4      | Noticed Duvessa
  4640 | D:4      | Killed Duvessa
  4641 | D:4      | Reached skill level 5 in Conjurations
  4649 | D:4      | Noticed Dowan
  4654 | D:4      | Killed Dowan
  4827 | D:5      | Entered Level 5 of the Dungeon
  4977 | D:5      | Reached skill level 2 in Hexes
  4977 | D:5      | Reached XP level 8. HP: 60/60 MP: 5/16
  5095 | D:5      | Reached skill level 4 in Fighting
  5130 | D:5      | Found a glowing silver altar of Zin.
  5169 | D:5      | Reached skill level 4 in Translocations
  5270 | D:5      | Found a staircase to the Ecumenical Temple.
  5387 | Temple   | Entered the Ecumenical Temple
  5429 | Temple   | Became a worshipper of Gozag Ym Sagoz the Greedy
  5888 | D:5      | Found a glowing golden altar of the Shining One.
  6411 | D:5      | You pick up a book of Misfortune and begin reading...
  6411 | D:5      | You add the spells Confusing Touch, Gell's Gravitas,
                  | Petrify, Metabolic Englaciation and Yara's Violent
                  | Unravelling to your library.
  6510 | D:5      | Reached skill level 6 in Spellcasting
  7109 | D:6      | Noticed Maggie
  7421 | D:6      | Noticed Sigmund
  7550 | D:6      | Reached skill level 1 in Evocations
  7627 | D:6      | Reached skill level 3 in Hexes
  7740 | D:6      | Reached XP level 9. HP: 67/67 MP: 10/18
  8061 | D:6      | HP: 14/67 [orc warrior/+0 vorpal halberd (10)]
  8064 | D:6      | HP: 3/67 [orc warrior/+0 vorpal halberd (10)]
  8064 | D:6      | Slain by an orc warrior

Vanquished Creatures
  Duvessa (D:4)
  An orc warrior (D:6)
  A sky beast (D:5)
  An ice beast (D:4)
  A necrophage (D:1)
  3 ogres
  A centaur (D:5)
  A bullfrog (D:6)
  Dowan (D:4)
  4 scorpions
  A jelly (D:5)
  2 hounds
  4 orc priests
  Crazy Yiuf (D:3)
  7 orc wizards
  Ijyb (D:3)
  8 worker ants
  2 iguanas
  A hound skeleton (D:5)
  A worker ant zombie (D:5)
  4 adders
  An ufetubus (D:5)
  3 oozes
  4 worms
  An adder skeleton (D:6)
  A dart slug (D:3)
  4 leopard geckos
  19 orcs
  3 ball pythons
  5 giant cockroaches
  9 goblins
  7 hobgoblins
  8 jackals
  3 quokkas
  5 bats
  5 frilled lizards
  A giant cockroach zombie (D:5)
  4 kobolds
  A leopard gecko skeleton (D:6)
  6 rats
137 creatures vanquished.

Table legend:
 A = Non-vault XP
 B = Vault XP
 C = Vault XP percentage of total XP
 D = Non-vault monster count
 E = Vault monster count
 F = Vault count percentage of total count
                 A         B        C        D         E       F
            +---------+---------+-------+---------+---------+-------
      Total |    2356 |     531 |  18.4 |     127 |      10 |   7.3
            +---------+---------+-------+---------+---------+-------
        D:1 |     163 |       0 |   0.0 |      23 |       0 |   0.0
        D:2 |      28 |       0 |   0.0 |      14 |       0 |   0.0
        D:3 |      63 |      76 |  54.7 |      26 |       2 |   7.1
        D:4 |     658 |     226 |  25.6 |      19 |       2 |   9.5
        D:5 |     602 |     229 |  27.6 |      17 |       6 |  26.1
        D:6 |     842 |       0 |   0.0 |      28 |       0 |   0.0
            +---------+---------+-------+---------+---------+-------

Illustrated notes

Table legend:
 A = Kills in this place as a percentage of kills in entire the game.
 B = Kills by you in this place as a percentage of kills by you in the entire game.
 C = Kills by friends in this place as a percentage of kills by friends in the entire game.
 D = Other kills in this place as a percentage of other kills in the entire game.
 E = Experience gained in this place as a percentage of experience gained in the entire game.
 F = Experience gained in this place divided by the number of levels of this place that you have seen.
                   A       B       C       D       E      F
               +-------+-------+-------+-------+-------+----------------------
         Total | 100.0 | 100.0 |   N/A |   N/A | 100.0 | 412.4
       Dungeon | 100.0 | 100.0 |   N/A |   N/A | 100.0 | 481.2
               +-------+-------+-------+-------+-------+----------------------

Table legend: (Time is in decaauts)
 A = Elapsed time spent in this place.
 B = Non-inter-level travel time spent in this place.
 C = Inter-level travel time spent in this place.
 D = Time resting spent in this place.
 E = Time spent auto-exploring this place.
 F = Levels seen in this place.
 G = Mean time per level.
                   A        B        C        D        E       F      G
               +--------+--------+--------+--------+--------+-----+--------+
         Total |   8075 |   7807 |    268 |      0 |   6918 |   7 | 1153.6 |
       Dungeon |   7861 |   7613 |    248 |      0 |   6727 |   6 | 1310.2 |
        Temple |    214 |    195 |     19 |      0 |    191 |   1 |  214.0 |
               +--------+--------+--------+--------+--------+-----+--------+

Top non-repeatable levels by time:
     D:5: 1819 daAuts
     D:1: 1566 daAuts
     D:3: 1268 daAuts
     D:6: 1200 daAuts
     D:4: 1095 daAuts
     D:2: 910 daAuts
  Temple: 214 daAuts
